Map: Abyssal Reef LE

Players

Winter - Winner!

  • Race: Zerg Zerg
  • Spawn Location: 5:00

Lambo

  • Race: Zerg Zerg
  • Spawn Location: 11:00

Event: WCS Jonkoping 2017

VOD

Have the link to the VOD?

Description

Time

  • Played on: June 17, 2017, 1:15 p.m.
  • Length: 6:33

All games in this series

Show
View Real Time Build Order
Export as new Build Order

Winter Zerg - Winner!

Build Orders: Pool First 

Get SALT Encoding   

  12  0:18  Spawning Pool  
  11  0:22  Drone  
  11  0:26  Drone  
  13  0:31  Drone  
  14  0:41  Overlord  
  14  1:05  Zergling x6  
  17  1:16  Zergling x2  
  18  1:20  Hatchery  
  17  1:27  Zergling x2  
  18  1:35  Queen  
  18  1:39  Zergling x2  
  21  1:49  Overlord  
  21  2:00  Drone  
  22  2:10  Drone  
  22  2:11  Queen  
  25  2:29  Drone  
  22  2:32  Queen  
  22  2:34  Drone  
  25  2:40  Drone  
  25  2:42  Zergling x2, Spine Crawler  
  26  2:46  Zergling x2  
  27  2:57  Queen  
  29  3:07  Drone x2  
  29  3:08  Drone  
  29  3:09  Drone  
  29  3:12  Drone  
  34  3:17  Drone  
  35  3:20  Overlord  
  35  3:26  Drone  
  36  3:30  Extractor  
  36  3:31  Extractor  
  36  3:32  Drone x2  
  36  3:43  Drone x4  
  36  3:46  Drone  
  41  3:50  Drone  
  41  3:52  Drone  
  43  3:58  Drone  
  43  4:00  Overlord  
  44  4:06  Overlord  
  44  4:19  Zergling x10  
  44  4:20  Zergling x4  
  46  4:37  Queen  
  46  4:40  Metabolic Boost  
  46  4:43  Drone x3  
  49  4:46  Drone x2  
  50  4:57  Evolution Chamber  
  50  4:59  Drone x3  
  48  5:01  Zergling x4  
  49  5:08  Baneling Nest  
  49  5:13  Drone  
  49  5:14  Drone x2  
  51  5:18  Zergling x4  
  53  5:26  Drone  
  54  5:28  Drone  
  54  5:30  Drone x2  
  57  5:35  Lair  
  57  5:42  Zergling x4  
  54  5:47  Zergling x8  
  58  5:51  Baneling x3  
  58  5:52  Baneling x3  
  58  5:55  Zergling x2  
  59  6:01  Zergling x2  
  59  6:02  Overlord  
  60  6:05  Extractor  
  60  6:06  Extractor  
  60  6:09  Baneling  
  55  6:12  Zergling x4  
  55  6:13  Baneling x3  
Show
View Real Time Build Order
Export as new Build Order

Lambo Zerg 

Build Orders: Hatch First 

Get SALT Encoding   

  12  0:00  Drone  
  13  0:13  Overlord  
  13  0:17  Drone  
  14  0:31  Drone x2  
  14  0:35  Drone  
  17  0:52  Hatchery  
  17  0:55  Drone  
  17  0:58  Drone  
  18  1:09  Extractor  
  17  1:13  Spawning Pool  
  17  1:16  Drone  
  17  1:19  Drone  
  18  1:28  Drone  
  19  1:40  Overlord  
  19  1:59  Queen  
  19  2:00  Zergling x2  
  19  2:01  Zergling x2  
  23  2:07  Zergling x2  
  26  2:15  Zergling x4  
  25  2:23  Zergling x2  
  25  2:27  Metabolic Boost  
  24  2:50  Hatchery  
  23  2:52  Drone  
  23  2:56  Drone  
  24  3:21  Hatchery  
  23  3:28  Zergling x6  
  23  3:30  Zergling x2  
  27  3:37  Overlord  
  27  3:41  Zergling x2  
  27  3:45  Zergling x2  
  29  3:51  Overlord  
  29  3:56  Zergling x2  
  29  3:57  Zergling x2  
  29  4:02  Zergling x2  
  32  4:08  Zergling x2  
  33  4:13  Zergling x2  
  33  4:15  Zergling x6  
  37  4:21  Zergling x2  
  37  4:25  Zergling x2  
  32  4:32  Zergling x2  
  32  4:36  Zergling x2  
  30  4:50  Zergling x4  
  30  4:51  Zergling x6  
  35  4:54  Zergling x2  
  32  5:04  Baneling Nest, Zergling x2  
  32  5:05  Zergling x2  
  31  5:13  Zergling x2  
  32  5:19  Zergling x2  
  33  5:23  Zergling x4  
  33  5:26  Zergling x2  
  36  5:31  Zergling x2  
  36  5:35  Zergling x2  
  37  5:47  Zergling x2  
  37  5:49  Baneling x4  
  38  5:51  Baneling  
  38  5:55  Zergling x2  
  36  6:05  Zergling x4  
Tags
 
Add a new tag
Caveats
  • Supply blocks, unpowered buildings, or Contaminate may cause inaccurate times.
  • Supply counts are checked every 10 seconds.